 Dungeon Crawl Stone Soup version 0.27.1-33-g824d729ab1 (webtiles) character file.

Game seed: 16641112640670585617

289 lordive the Skirmisher (level 6, -3/66 HPs)
             Began as an Ogre Berserker on Dec 26, 2021.
             Was a Priest of Trog.
             Slain by an elf zombie (5 damage)
             ... in an ossuary.
             The game lasted 00:06:35 (3126 turns).

lordive the Skirmisher (Ogre Berserker)             Turns: 3126, Time: 00:06:36

Health: -3/66      AC:  3    Str: 24    XL:     6   Next: 31%
Magic:  6/6        EV: 10    Int:  8    God:    Trog [***...]
Gold:   127        SH:  0    Dex:  8    Spells: 5/5 levels left

rFire    . . .     SeeInvis .   p - +0 whip (venom)
rCold    . . .     Faith    .   (no shield)
rNeg     . . .     Spirit   .   b - +0 animal skin
rPois    .         Reflect  .   (helmet restricted)
rElec    .         Harm     .   (no cloak)
rCorr    .         Rampage  .   (gloves unavailable)
Will     .....                  (boots unavailable)
Stlth    +.........             (no amulet)
HPRegen  0.21/turn              (no ring)
MPRegen  0.10/turn              (no ring)

@: on berserk cooldown, slowed, very slow
A: large, unfitting armour, tough skin 1
a: Renounce Religion, Berserk, Trog's Hand


You were in an ossuary.
You worshipped Trog.
Trog was most pleased with you.
You visited 1 branch of the dungeon, and saw 5 of its levels.
You also visited: Ossuary.

You collected 127 gold pieces.

Inventory:

Hand Weapons
 p - a +0 whip of venom (weapon)
 r - a +0 flail
Missiles
 m - 9 boomerangs (quivered)
 o - 3 throwing nets
Armour
 b - a +0 animal skin (worn)
Scrolls
 a - a scroll of teleportation {unknown}
 d - a scroll of fear {unknown}
 e - 3 scrolls of immolation {unknown}
 f - a scroll of blinking {unknown}
 g - 3 scrolls of enchant armour {unknown}
 h - a scroll of amnesia {unknown}
 i - 3 scrolls of noise {unknown}
 j - a scroll of identify {unknown}
Potions
 c - a potion of magic {unknown}
 k - 2 potions of curing {unknown}
 l - 2 potions of flight {unknown}
 n - 4 potions of heal wounds {unknown}
 q - a potion of mutation {unknown}


   Skills:
 * Level 5.1 Fighting
 - Level 1.0(3.2) Axes
 * Level 4.4(4.5) Maces & Flails
 - Level 0.6(3.1) Staves
 * Level 1.0 Armour
 * Level 4.0 Dodging
 + Level 0.1 Stealth


You had 5 spell levels left.
You didn't know any spells.
Your spell library was empty.

Dungeon Overview and Level Annotations

Branches:
Dungeon (6/15)            Ossuary (1/1)
 Temple: D:4-7

Altars:
Ashenzari

Shops:
D:2 :


Innate Abilities, Weirdness & Mutations

You are too large for most types of armour.
You have tough skin. (AC +1)


Message History

The elf zombie closely misses you.
You whack the elf zombie!
The elf zombie is lightly damaged.
You closely miss the elf zombie.
The elf zombie is lightly damaged.
The elf zombie hits you.
* * * LOW HITPOINT WARNING * * *
You hit the elf zombie.
The elf zombie is moderately damaged.
You barely miss the elf zombie.
The elf zombie is moderately damaged.
The elf zombie hits you but does no damage.
You closely miss the elf zombie.
The elf zombie is moderately damaged.
You hit the elf zombie.
The elf zombie is moderately damaged.
The elf zombie closely misses you.
You whack the elf zombie!
The elf zombie is heavily damaged.
You hit the elf zombie.
The elf zombie is heavily damaged.
You whack the elf zombie!
The elf zombie is severely damaged.
The elf zombie hits you but does no damage.
You whack the elf zombie!
The elf zombie is almost destroyed.
You completely miss the elf zombie.
The elf zombie is almost destroyed.
You are no longer berserk.
You are exhausted.
You feel yourself slow down. The elf zombie hits you.
* * * LOW HITPOINT WARNING * * *
You hit the elf zombie.
The elf zombie is almost destroyed.
The elf zombie barely misses you.
You barely miss the elf zombie.
The elf zombie is almost destroyed.
The elf zombie barely misses you. The elf zombie hits you.
You die...

####################
...................#
...................#
.......8..8........#
...................#
..######..######Z..#
..# #..# #@..# ..#
#..# #...# ..# #..#
#...# ..# .... #...#
..# ....## #...# ..#
....# #...# ..#
.....# #...# ..#
#...# ..# #...#


You could see an elf zombie.

Vanquished Creatures
  An elf zombie (Ossuary)
  A human zombie (Ossuary)
  2 mummies (Ossuary)
  7 gnolls
  3 adders (D:2)
  An adder zombie (Ossuary)
  2 dart slugs
  3 orcs
  2 bats
  4 endoplasms
  4 giant cockroaches
  3 goblins
  2 hobgoblins
  5 jackals (D:1)
  3 quokkas
  2 ball pythons
  2 goblin zombies (Ossuary)
  8 hobgoblin zombies (Ossuary)
  4 kobolds
  10 kobold zombies (Ossuary)
  11 orc zombies (Ossuary)
  4 rats
  A rat zombie (Ossuary)
85 creatures vanquished.

Vanquished Creatures (others)
  24 plants (D:3)
24 creatures vanquished.

Grand Total: 109 creatures vanquished

Notes
Turn   | Place    | Note
-------+----------+-------------------------------------------
     0 | D:1      | lordive the Ogre Berserker began the quest for the Orb.
     0 | D:1      | Reached XP level 1. HP: 24/24 MP: 1/1
   149 | D:1      | Reached XP level 2. HP: 17/32 MP: 2/2
   652 | D:1      | Reached XP level 3. HP: 29/39 MP: 3/3
  1188 | D:2      | Found Zurait's Book Emporium.
  1221 | D:2      | Reached skill level 1 in Axes
  1602 | D:2      | Reached XP level 4. HP: 49/49 MP: 4/4
  1608 | D:2      | Reached ** piety under Trog
  2208 | D:3      | Found a broken altar of Ashenzari.
  2266 | D:3      | Reached XP level 5. HP: 55/55 MP: 5/5
  2628 | D:3      | You fall into a shaft and drop 3 floors!
  2683 | D:5      | Entered Level 5 of the Dungeon
  2703 | D:5      | Found a sand-covered staircase.
  2715 | Ossuary  | Entered an ossuary
  3022 | Ossuary  | Reached *** piety under Trog
  3048 | Ossuary  | Reached skill level 5 in Fighting
  3048 | Ossuary  | Reached XP level 6. HP: 58/66 MP: 6/6
  3063 | Ossuary  | Reached skill level 1 in Armour
  3121 | Ossuary  | HP: 1/66 [elf zombie (4)]
  3126 | Ossuary  | Slain by an elf zombie

Illustrated notes

Levels and vault maps discovered:
D:1:      minmay_arrival_loop, layout_basic
D:2:      layout_loops_ring, serial_shops, shop_fountains, nrook_campfire,
          grunt_decor_one_mirror
D:3:      layout_loops_corners, mainiacjoe_overflow_six_doors_small,
          serial_bayou, serial_bayou_pond_a, serial_bayou_pond_b,
          serial_bayou_shore_a, serial_bayou_pond_c, serial_bayou_pond_c,
          chequers_ecumenical_altar_island, serial_shops, shop_fountains
D:5:      lemuel_insect_pit, layout_loops_corners, zin_academy,
          minmay_temple_entry_overgrown, nicolae_ossuary_entry_ruins,
          gammafunk_ghost_grave
D:6:      layout_gridville, gammafunk_temple_overflow_wave, uniq_maggie
Ossuary:  ossuary_tomb_1

Skill      XL: |  1  2  3  4  5  6 |
---------------+-------------------+-----
Dodging        | 3 4 |  4.0
Maces & Flails | 3 4 |  4.4
Axes           | 1 |  1.0
Fighting       | 5 |  5.1
Armour         | 1 |  1.0
Staves         | |  0.6
Stealth        | |  0.1

Action                   |  1- 3 |  4- 6 || total
-------------------------+-------+-------++-------
Melee: Mace              |    80 |    11 ||    91
       Whip              |       |   222 ||   222
Invok: Berserk           |     4 |     3 ||     7
       Trog's Hand       |       |     1 ||     1
Armor: Animal skin       |    30 |    83 ||   113
Dodge: Dodged            |    52 |   146 ||   198
